 Dungeon Crawl Stone Soup version bcrawl-1.37.2 (webtiles) character file.

Game seed: 9715563380098291152

419612 u553311 the Envoy of Void (level 11, -7/97 HPs)
             Began as a Demonspawn Abyssal Knight on Feb 9, 2023.
             Was a High Priest of Lugonu.
             Mangled by a spark wasp (shapeshifter) (21 damage)
             ... on level 9 of the Dungeon.
             The game lasted 00:25:35 (7925 turns).

u553311 the Envoy of Void (DsAK)                    Turns: 7925, Time: 00:25:36

Health: -7/97      AC:  6    Str: 14    XL:     11   Next: 13%
Magic:  18/18      EV: 18    Int: 12    God:    Lugonu [*****.]
Gold:   674        SH: 10    Dex: 22    Spells: 10/10 levels left

rFire    . . .     GDR:     34% a - +0 long sword
rCold    . . .     SeeInvis .   o - +0 buckler
rNeg     . . .     Gourm    .   w - +0 troll leather armour {Purgy}
rPois    +         Faith    .   (no helmet)
rElec    .         Spirit   .   J - scarf {repulsion}
rCorr    +         Reflect  .   S - +1 pair of gloves {Dex+3}
MR       .....                  (no boots)
Stlth    ++........             f - amulet of regeneration
HPRegen  1.20/turn              F - ring "Cautiemn" {+Fly rPois}
MPRegen  0.16/turn              m - ring of resist corrosion

@: about to teleport, repel missiles
A: claws 2, flexible skeleton 1, demonic guardian 2, powered by death 2, robust
1
a: Depart the Abyss, Bend Space, Banish, Corrupt, Enter the Abyss, Renounce
Religion, Evoke Flight


You were on level 9 of the Dungeon.
You worshipped Lugonu.
Lugonu was extremely pleased with you.
You were not hungry.

You visited 1 branch of the dungeon, and saw 9 of its levels.
You visited the Abyss 1 time.

You collected 674 gold pieces.

Inventory:

Hand Weapons
 a - a +0 long sword (weapon)
 M - the cursed +1 mace of the Puffball {freeze, Str+2 SInv Stlth+, unknown}
   (You found it on level 6 of the Dungeon)

   It has been specially enchanted to freeze those struck by it, increasing
   damage dealt by approximately one third against foes not resistant or
   susceptible to cold, and potentially slowing cold-blooded foes.
   It affects your strength (+2).
   It lets you see invisible.
   It makes you more stealthy.
   It has a curse placed upon it.
Missiles
 c - 10 tomahawks of dispersal {=f}
 l - 270 poisoned tomahawks (quivered)
 N - 1026 stones
Armour
 b - a +0 ring mail
 o - a +0 buckler (worn)
 q - a +0 chain mail
 t - a +0 cloak
 w - a +0 troll leather armour (worn) {Purgy}
 J - a scarf of repulsion (worn)
 S - a +1 pair of gloves of dexterity (worn)
Jewellery
 f - an amulet of regeneration (around neck)
 g - an uncursed ring of wizardry
 m - a ring of resist corrosion (right hand)
 y - an uncursed ring of fire
 F - the ring "Cautiemn" (left hand) {+Fly rPois}
   (You found it on level 4 of the Dungeon)

   [ring of flight]

   It protects you from poison.
   It lets you fly.
Wands
 r - a wand of scattershot (6)
 x - a wand of polymorph (23)
 P - a wand of flame (5)
 R - a wand of disintegration (17)
Scrolls
 h - 4 scrolls of remove curse
 i - 2 scrolls of identify
 j - 8 scrolls of teleportation
 n - 3 scrolls of fog {unknown}
 p - 2 scrolls of immolation {unknown}
 D - 3 scrolls of enchant weapon
 E - a scroll of magic mapping {unknown}
 H - a scroll of amnesia {unknown}
 K - 2 scrolls of enchant armour {unknown}
 L - a scroll of summoning {unknown}
 O - a scroll of noise {unknown}
 U - a scroll of blinking {unknown}
Potions
 d - a potion of brilliance {unknown}
 k - a potion of resistance {unknown}
 s - a potion of lignification {unknown}
 u - 5 potions of haste
 v - a potion of might {unknown}
 z - 3 potions of flight {unknown}
 A - a potion of berserk rage {unknown}
 B - a potion of magic {unknown}
 C - a potion of invisibility {unknown}
 G - 4 potions of curing
 I - 2 potions of cancellation {unknown}
 Q - a potion of mutation {unknown}
Comestibles
 e - 19 rations {!d}
 T - 2 chunks of flesh


   Skills:
 * Level 9.2 Fighting
 + Level 6.4 Long Blades
 - Level 0.8 Throwing
 - Level 2.7 Armour
 * Level 8.4 Dodging
 + Level 6.0 Shields
 + Level 9.5 Invocations


You had 10 spell levels left.
You didn't know any spells.
Your spell library contained the following spells:

 Spells                   Type           Power        Failure   Level  Hunger
 Corona                   Hex            #......      58%         1    None
 Shackle                  Hex            #.......     73%         2    ####...
 Call Canine Familiar     Summ           #.......     91%         3    #####..
 False Image              Hex/Summ       #.......     91%         3    #####..
 Inner Flame              Hex/Fire       N/A          91%         3    #####..
 Cause Fear               Hex            #.........   100%        4    ######.
 Summon Ice Beast         Ice/Summ       #.......     100%        4    ######.
 Yara's Violent Unravell  Hex/Tmut       #.........   100%        4    ######.
 Summon Mana Viper        Hex/Summ       #.......     100%        5    #######
 Summon Hydra             Summ           #.........   100%        6    #######
 Monstrous Menagerie      Summ           #.........   100%        7    #######


Dungeon Overview and Level Annotations

Branches:
Dungeon (9/12)             Temple (0/1) D:4            Lair (0/6) D:7
    Orc (0/1) D:9

Altars:
Gozag
Makhleb
Nemelex Xobeh
Okawaru
Ru
Sif Muna
Trog
Wu Jian

Shops:
D:9 !


Innate Abilities, Weirdness & Mutations

You have very sharp fingernails.
Your skeleton is somewhat flexible. (Dex +3)
A demonic guardian rushes to your aid.
You regenerate health from kills.
You are robust. (+10% HP)


Message History

* * * LOW HITPOINT WARNING * * *
The spark wasp blinks! x2
Your soul eater barely misses the spark wasp.
You block the spark wasp's attack.
Your orange demon barely misses the spark wasp.
Your soul eater disappears in a puff of smoke!
Your orange demon misses the spark wasp.
You slash the spark wasp!
Space bends around the spark wasp.
The spark wasp is moderately wounded.
The spark wasp completely misses you. The spark wasp closely misses you.
Your orange demon closely misses the spark wasp.
You hit the spark wasp but do no damage.
The spark wasp looks slightly unstable.
The spark wasp is moderately wounded.
You block the spark wasp's attack.
Your orange demon closely misses the spark wasp.
As you read the scroll of teleportation, it crumbles to dust.
You feel strangely unstable. You block the spark wasp's attack.
The spark wasp stings you!!
You die...

...........######## ########.#
.....).......................#
....(........................#
.(...........................#
##...........................#
#...........................#
##............4..............#
.............................#
...............y@............#
...........################..#
...........# #..# ...........#
#..# ...........# #..#
...........# #..# ...........#
#..# ##.........# ########..#
#........... ..........#


You could see a spark wasp shaped shifter and a friendly orange demon.

Vanquished Creatures
  2 skeletal warriors (D:9)
  Pikel (D:4)
  A meliai zombie (D:9)
  A wyvern (D:7)
  A steam dragon (D:9)
  A crocodile (D:7)
  Duvessa (D:4)
  2 sky beasts
  Purgy (D:3)
  3 orc warriors
  A necrophage (D:8)
  2 ogres (D:5)
  3 bullfrogs
  A kobold brigand (D:6)
  A centaur (D:6)
  Dowan (D:4)
  3 scorpions
  A howler monkey (D:4)
  3 orc priests
  2 crimson imps (D:4)
  2 hounds
  4 jellies
  A bullfrog skeleton (D:7)
  A gnoll shaman (D:7)
  Ijyb (D:5)
  3 iguanas
  4 worker ants
  4 orc wizards
  3 hound skeletons
  2 worker ant zombies (D:5)
  3 gnolls (D:7)
  5 adders
  A shadow imp (D:7)
  An ooze (D:1)
  2 adder skeletons
  5 worms
  3 dart slugs
  5 leopard geckos
  35 orcs
  3 ball pythons
  5 giant cockroaches
  5 goblins
  10 hobgoblins
  4 jackals
  3 quokkas
  A ball python skeleton (D:4)
  4 bats
  17 kobolds
  A rat (D:3)
170 creatures vanquished.

Vanquished Creatures (collateral kills)
  A two-headed ogre (D:9)
  2 skeletal warriors (D:9)
  Maurice (D:9)
  A hornet (D:9)
  Grinder (D:3)
  A shadow (D:9)
  6 yaks (D:8)
  A hungry ghost (D:5)
  Eustachio (D:5)
  A crocodile (D:7)
  An acid dragon (D:7)
  An orc warrior (D:9)
  A kobold brigand (D:9)
  A quasit (D:9)
  An orc wizard (D:9)
  2 worker ants (D:9)
  A leopard gecko (D:3)
  An orc (D:3)
  2 kobolds (D:9)
27 creatures vanquished.

Vanquished Creatures (others)
  A scorpion (D:4)
  An orc (D:4)
2 creatures vanquished.

Grand Total: 199 creatures vanquished

Notes
Turn   | Place    | Note
-------+----------+-------------------------------------------
     0 | Abyss:1  | u553311 the Demonspawn Abyssal Knight began the quest for
                  | the Orb.
     0 | Abyss:1  | Reached XP level 1. HP: 18/18 MP: 2/2
    27 | D:1      | Escaped the Abyss
    57 | D:1      | Gained mutation: You regenerate a little health from kills.
                  | [demonic ancestry]
    57 | D:1      | Reached XP level 2. HP: 13/24 MP: 2/4
   670 | D:1      | Reached ** piety under Lugonu
   750 | D:1      | Gained mutation: A weak demonic guardian rushes to your
                  | aid. [demonic ancestry]
   750 | D:1      | Reached XP level 3. HP: 29/29 MP: 5/5
  1406 | D:2      | Found a faded altar of an unknown god.
  1619 | D:3      | Noticed Purgy
  1641 | D:3      | Killed Purgy
  1642 | D:3      | Reached skill level 1 in Shields
  1642 | D:3      | Reached XP level 4. HP: 17/37 MP: 7/7
  1642 | D:3      | Reached XP level 5. HP: 20/42 MP: 8/8
  1795 | D:3      | Reached skill level 1 in Dodging
  1823 | D:3      | Found a white marble altar of Elyvilon.
  1824 | D:3      | Found a bloodstained altar of Trog.
  1826 | D:3      | Found a sparkling altar of Nemelex Xobeh.
  1826 | D:3      | Found a burning altar of Makhleb.
  1826 | D:3      | Found an ornate altar of the Wu Jian Council.
  1848 | D:3      | Noticed Grinder
  1849 | D:3      | Paralysed by Grinder for 2 turns
  1853 | D:3      | Paralysed by Grinder for 3 turns
  1858 | D:3      | Paralysed by Grinder for 3 turns
  1872 | D:3      | Killed Grinder
  1873 | D:3      | Reached skill level 5 in Invocations
  1873 | D:3      | Gained mutation: Your skeleton is somewhat flexible. (Dex
                  | +3) [demonic ancestry]
  1873 | D:3      | Reached XP level 6. HP: 48/48 MP: 9/9
  2132 | D:3      | Reached *** piety under Lugonu
  2680 | D:4      | Noticed Pikel
  2680 | D:4      | Noticed a slave
  2680 | D:4      | Noticed a slave
  2699 | D:4      | Noticed a slave
  2701 | D:4      | Noticed a slave
  2706 | D:4      | Killed Pikel
  2707 | D:4      | Gained mutation: You have sharp fingernails. [demonic
                  | ancestry]
  2707 | D:4      | Reached XP level 7. HP: 55/55 MP: 9/11
  2752 | D:4      | Noticed Duvessa
  2752 | D:4      | Noticed Dowan
  2757 | D:4      | Killed Dowan
  2769 | D:4      | Killed Duvessa
  2770 | D:4      | Gained mutation: A demonic guardian rushes to your aid.
                  | [demonic ancestry]
  2770 | D:4      | Reached XP level 8. HP: 40/61 MP: 12/12
  2811 | D:4      | Got a scorched jade ring
  2813 | D:4      | Identified the ring "Cautiemn" {+Fly rPois} (You found it
                  | on level 4 of the Dungeon)
  3046 | D:4      | Reached skill level 5 in Fighting
  3056 | D:4      | Found a staircase to the Ecumenical Temple.
  3206 | D:4      | Found a shimmering blue altar of Sif Muna.
  3330 | D:5      | Entered Level 5 of the Dungeon
  3332 | D:5      | Noticed Ijyb
  3345 | D:5      | Killed Ijyb
  3566 | D:5      | Reached skill level 5 in Dodging
  3570 | D:5      | Found a sacrificial altar of Ru.
  3765 | D:5      | Found an iron altar of Okawaru.
  4095 | D:5      | Noticed Eustachio
  4107 | D:5      | Killed Eustachio
  4432 | D:6      | Gained mutation: You have very sharp fingernails. [demonic
                  | ancestry]
  4432 | D:6      | Reached XP level 9. HP: 67/69 MP: 14/14
  4436 | D:6      | Reached **** piety under Lugonu
  4851 | D:6      | Found a glowing silver altar of Zin.
  4980 | D:6      | Got an ivory mace
  5258 | D:7      | Found an opulent altar of Gozag.
  5516 | D:7      | Found a shimmering blue altar of Sif Muna.
  5808 | D:7      | Reached skill level 5 in Long Blades
  5850 | D:7      | Found a staircase to the Lair.
  6114 | D:8      | Received a gift from Lugonu
  6650 | D:8      | Gained mutation: You are robust. (+10% HP) [demonic
                  | ancestry]
  6650 | D:8      | Reached XP level 10. HP: 42/86 MP: 16/16
  6652 | D:8      | Reached skill level 5 in Shields
  6985 | D:9      | Noticed a two-headed ogre
  7137 | D:9      | Noticed Maurice
  7187 | D:9      | Killed Maurice
  7256 | D:9      | Noticed a skeletal warrior
  7256 | D:9      | Noticed a skeletal warrior
  7256 | D:9      | Noticed a skeletal warrior
  7257 | D:9      | Noticed a skeletal warrior
  7287 | D:9      | Killed a skeletal warrior
  7294 | D:9      | Killed a skeletal warrior
  7313 | D:9      | Killed a skeletal warrior
  7371 | D:9      | Noticed a two-headed ogre
  7426 | D:9      | Received a gift from Lugonu
  7461 | D:9      | Killed a two-headed ogre
  7470 | D:9      | Gained mutation: You regenerate health from kills. [demonic
                  | ancestry]
  7470 | D:9      | Reached XP level 11. HP: 86/97 MP: 16/18
  7723 | D:9      | Found Biarist's Distillery.
  7769 | D:9      | Reached ***** piety under Lugonu
  7858 | D:9      | Found a staircase to the Orcish Mines.
  7894 | D:9      | Noticed an anaconda
  7907 | D:9      | Killed a skeletal warrior
  7917 | D:9      | Noticed a spark wasp
  7917 | D:9      | an anaconda changed into a spark wasp
  7925 | D:9      | Mangled by a spark wasp (shapeshifter)

Skill      XL: |  1  2  3  4  5  6  7  8  9 10 11 |
---------------+----------------------------------+-----
Invocations    | 3 4 5 6 7 8 9 |  9.5
Armour         | 2 |  2.7
Long Blades    | 2 3 4 5 6 |  6.4
Shields        | 1 2 3 4 5 6 |  6.0
Dodging        | 2 3 4 5 6 8 |  8.4
Fighting       | 4 6 7 9 |  9.2
Throwing       | |  0.8

Action                   |  1- 3 |  4- 6 |  7- 9 | 10-12 || total
-------------------------+-------+-------+-------+-------++-------
Melee: Long sword        |   153 |    80 |   314 |   148 ||   695
Throw: Tomahawk          |     6 |       |       |     1 ||     7
  Use: Potion            |       |     1 |       |     1 ||     2
       Scroll            |       |       |     5 |     3 ||     8
 Stab: Distracted        |       |       |     2 |     2 ||     4
       Sleeping          |       |       |     4 |     1 ||     5
  Eat: Chunk             |     4 |     4 |    20 |     5 ||    33
       Ration            |     1 |       |     1 |     1 ||     3
Armor: Ring mail         |    38 |       |       |       ||    38
       Chain mail        |    53 |       |       |       ||    53
       Troll leather arm |       |     8 |    55 |    12 ||    75
       Skin              |       |     4 |       |       ||     4
Dodge: Dodged            |    57 |    22 |   142 |    84 ||   305
       Deflected         |       |       |     4 |    10 ||    14
Block: Buckler           |    21 |    13 |   107 |    68 ||   209
